Map: Echo LE (Void)

Players

Bop - Winner!

  • Race: Zerg Zerg

FreakBeast

  • Race: Zerg Zerg

VOD

Have the link to the VOD?

Description

Time

  • Played on: May 2, 2015, 2:09 a.m.
  • Length: 22:57
Show
View Real Time Build Order
Export as new Build Order

Bop Zerg - Winner!

Build Orders: Hatch First, Lurkers 

Get SALT Encoding   

  12  0:01  Drone  
  13  0:12  Overlord  
  13  0:17  Drone  
  14  0:22  Extractor  
  14  0:23  Drone  
  15  0:35  Drone x2  
  17  0:53  Hatchery  
  17  0:57  Drone  
  17  0:58  Drone  
  17  1:02  Extractor  
  17  1:14  Spawning Pool  
  17  1:17  Drone  
  17  1:21  Drone  
  18  1:33  Drone  
  19  1:41  Drone  
  20  2:00  Queen  
  22  2:01  Metabolic Boost  
  22  2:04  Queen  
  22  2:06  Zergling x2  
  22  2:07  Zergling x2  
  26  2:08  Overlord  
  26  2:13  Drone  
  27  2:17  Drone  
  28  2:31  Drone x2  
  28  2:34  Baneling Nest  
  28  2:36  Queen  
  29  2:41  Drone x2  
  33  2:50  Drone x2  
  35  2:55  Drone  
  36  3:04  Overlord  
  35  3:15  Lair, Drone  
  35  3:18  Overlord, Zergling x2  
  36  3:24  Zergling x2  
  36  3:25  Zergling x2  
  38  3:27  Drone x6  
  38  3:32  Extractor  
  43  3:35  Extractor  
  43  3:40  Zergling x2  
  43  3:41  Zergling x2  
  44  3:42  Baneling  
  43  3:49  Zergling x2  
  43  3:50  Zergling x8  
  46  4:00  Overlord  
  46  4:01  Roach Warren  
  45  4:04  Drone  
  46  4:10  Drone x5  
  51  4:17  Hydralisk Den  
  50  4:27  Overseer  
  50  4:30  Drone x3  
  53  4:33  Extractor  
  53  4:37  Drone x3  
  53  4:38  Drone  
  55  4:39  Drone x4  
  55  4:40  Lurker Den  
  55  4:42  Burrow  
  59  4:52  Overlord  
  59  4:53  Overlord  
  59  5:07  Overlord  
  57  5:20  Hydralisk x7  
  66  5:29  Overseer  
  66  5:34  Hydralisk x3  
  72  5:38  Overseer  
  72  5:40  Zergling x6  
  72  5:41  Overlord  
  75  5:48  Overlord  
  75  5:55  Hatchery  
  74  6:09  Lurker x3  
  77  6:14  Drone x4  
  77  6:18  Lurker  
  82  6:19  Spine Crawler x2  
  82  6:21  Spine Crawler  
  82  6:24  Lurker  
  80  6:27  Overlord x2  
  80  6:35  Hydralisk  
  80  6:36  Hydralisk x2  
  86  6:40  Zergling x2  
  86  6:41  Zergling x6  
  85  6:59  Overlord  
  85  7:03  Overlord, Lurker x2  
  85  7:05  Drone x9  
  96  7:08  Evolution Chamber  
  96  7:09  Lurker  
  96  7:25  Overseer  
  96  7:32  Lurker x2  
  96  7:33  Drone x7  
  96  7:35  Extractor  
  96  7:36  Extractor  
  103  7:37  Zerg Melee Weapons Level 1  
  103  7:42  Overlord  
  103  7:45  Drone x9  
  103  7:47  Overseer  
  112  7:53  Queen  
  112  7:54  Queen  
  112  7:57  Infestation Pit  
  114  8:10  Hydralisk  
  114  8:11  Hydralisk x5  
  126  8:17  Overlord  
  125  8:26  Hydralisk x4  
  133  8:39  Overlord  
  133  8:40  Overlord, Zergling x2  
  133  8:41  Zergling x10  
  139  8:46  Hive  
  139  8:53  Zergling x2  
  139  8:54  Zergling x4  
  142  9:03  Zergling x6  
  142  9:07  Hatchery  
  142  9:08  Overseer  
  144  9:18  Extractor  
  144  9:22  Lurker x7, Extractor  
  154  9:24  Drone x6  
  154  9:53  Overseer x2  
  154  9:59  Zerg Melee Weapons Level 2  
  154  10:00  Ultralisk Cavern, Zergling x14  
  154  10:01  Overlord, Zergling x2  
  154  10:02  Overlord x4  
  161  10:14  Overlord  
  161  10:24  Adrenal Glands  
  161  10:29  Hydralisk x5  
  143  10:42  Evolution Chamber, Spore Crawler  
  140  10:45  Spine Crawler  
  140  10:47  Lurker x5, Spine Crawler x2  
  140  10:48  Chitinous Plating  
  140  10:49  Ultralisk  
  147  10:54  Ultralisk  
  147  10:55  Ultralisk x2  
  160  11:00  Zergling x2  
  160  11:01  Zergling x24  
  173  11:06  Overlord x2  
  173  11:14  Spine Crawler x2  
  173  11:15  Drone, Spine Crawler  
  171  11:28  Overseer  
  171  11:29  Overseer  
  171  11:33  Muscular Augments  
  171  11:34  Ultralisk  
  177  11:51  Ultralisk x2  
  189  12:07  Lurker  
  189  12:08  Lurker x4  
  194  12:13  Zergling x2  
  194  12:14  Zergling x8  
  199  12:33  Centrifical Hooks  
  199  12:35  Zerg Melee Weapons Level 3, Zerg Ground Armor Level 1  
  196  12:44  Ultralisk  
  152  13:00  Ultralisk x2, Zergling x6  
  152  13:01  Zergling x18  
  173  13:10  Zergling x2  
  173  13:11  Zergling x10  
  155  13:25  Zergling x18  
  146  13:35  Zergling x4  
  148  13:45  Spire  
  140  14:02  Ultralisk  
  140  14:03  Hatchery  
  105  14:46  Extractor  
  105  14:48  Extractor  
  105  14:52  Zerg Ground Armor Level 2  
  103  14:56  Mutalisk  
  103  14:57  Mutalisk x13  
  131  15:01  Drone x3  
  134  15:24  Spore Crawler  
  134  15:25  Mutalisk  
  134  15:26  Mutalisk x4  
  142  15:42  Pneumatized Carapace  
  138  15:56  Queen  
  138  15:57  Queen x3  
  138  15:58  Mutalisk x2  
  138  16:00  Zergling x22  
  153  16:14  Mutalisk x2  
  153  16:18  Queen x3  
  157  16:19  Overlord x3  
  157  16:24  Queen  
  163  16:38  Viper x2  
  157  16:47  Zergling x8  
  157  16:48  Zergling x28  
  174  17:02  Overlord  
  174  17:04  Viper x2  
  179  17:19  Ultralisk  
  185  17:27  Queen x2  
  185  17:28  Queen x4  
  183  17:56  Ultralisk  
  183  17:57  Ultralisk  
  195  18:10  Zergling x10  
  192  18:31  Ultralisk  
  192  18:32  Ultralisk  
  191  18:44  Ultralisk x2  
  191  18:45  Zergling x22  
  191  18:46  Zergling x8  
  158  18:58  Corruptor  
  158  19:00  Zergling x2  
  158  19:01  Zergling x16  
  169  19:09  Zergling x6  
  172  19:10  Queen x4  
  180  19:17  Spine Crawler  
  180  19:18  Spine Crawler, Greater Spire  
  180  19:19  Corruptor x2  
  180  19:32  Ultralisk  
  186  19:41  Corruptor  
  188  19:46  Queen x4  
  173  20:35  Brood Lord x4  
  181  20:36  Queen x4  
  189  20:43  Spine Crawler  
  189  20:47  Spine Crawler  
  189  20:48  Spine Crawler  
  182  21:09  Corruptor  
  182  21:10  Corruptor  
  186  21:12  Queen  
  186  21:14  Hatchery  
  187  21:25  Extractor  
  187  21:27  Extractor  
  169  22:03  Ultralisk, Zergling x2  
  169  22:04  Zergling x42  
  197  22:21  Zergling x2  
  197  22:22  Zergling x4  
  198  22:23  Overlord x2  
Show
View Real Time Build Order
Export as new Build Order

FreakBeast Zerg 

Build Orders: Hatch First, Lurkers 

Get SALT Encoding   

  12  0:01  Drone  
  13  0:08  Drone  
  14  0:17  Extractor  
  14  0:19  Drone, Extractor  
  14  0:21  Drone  
  14  0:26  Overlord  
  16  0:44  Drone  
  16  0:45  Drone  
  18  0:56  Hatchery  
  17  0:58  Drone  
  17  1:01  Extractor  
  17  1:05  Drone  
  18  1:16  Spawning Pool  
  17  1:19  Drone  
  18  1:27  Drone  
  19  1:38  Drone  
  20  1:48  Overlord  
  20  2:03  Metabolic Boost  
  20  2:04  Queen  
  20  2:08  Queen  
  22  2:10  Zergling x4  
  22  2:14  Drone  
  27  2:21  Drone x2  
  29  2:33  Drone x2  
  31  2:39  Queen  
  31  2:41  Overlord  
  33  2:56  Zergling x6  
  36  3:15  Spore Crawler  
  36  3:18  Drone  
  36  3:19  Drone x4  
  41  3:27  Drone x3  
  42  3:28  Overlord  
  42  3:29  Overlord x2  
  39  3:58  Zergling x4  
  39  3:59  Zergling x2  
  39  4:00  Drone x4  
  39  4:01  Drone  
  47  4:02  Extractor  
  47  4:04  Extractor  
  47  4:07  Lair  
  47  4:08  Drone x3  
  47  4:09  Drone x3, Roach Warren  
  50  4:10  Evolution Chamber  
  47  4:33  Zergling x8  
  47  4:34  Zergling x6  
  47  4:36  Zerg Missile Weapons Level 1  
  53  4:51  Drone  
  52  5:17  Roach x3  
  52  5:18  Roach x6  
  64  5:21  Glial Reconstitution  
  64  5:22  Overlord x2  
  64  5:23  Overlord x4  
  64  5:27  Extractor  
  63  5:34  Overseer  
  63  5:38  Drone  
  64  5:44  Roach x2  
  64  5:47  Roach x5  
  78  5:51  Drone x2  
  78  5:52  Drone x2  
  82  5:57  Burrow  
  82  6:12  Zergling x2  
  82  6:13  Zergling x6  
  86  6:30  Hydralisk Den  
  85  6:42  Zerg Missile Weapons Level 2  
  85  6:46  Overlord  
  85  6:47  Overlord x3  
  85  6:55  Overseer  
  85  7:04  Roach x12  
  85  7:08  Hydralisk x5  
  87  7:29  Overseer  
  87  7:41  Lurker Den  
  87  7:42  Drone x3, Infestation Pit  
  85  7:51  Hydralisk  
  85  7:52  Hydralisk x4  
  95  7:59  Drone x2  
  95  8:00  Drone x6  
  95  8:02  Hatchery  
  102  8:23  Drone x8  
  110  8:31  Hive  
  106  8:44  Drone x4  
  110  9:03  Extractor  
  110  9:04  Extractor  
  108  9:12  Lurker x5  
  113  9:18  Lurker x2  
  113  9:19  Lurker x2  
  117  9:33  Drone x4  
  121  9:43  Hatchery  
  120  10:16  Ultralisk Cavern, Zerg Melee Weapons Level 1  
  119  10:24  Evolution Chamber  
  119  10:28  Zergling x2  
  119  10:29  Zergling x26  
  132  10:36  Roach x2  
  136  10:50  Overlord x2  
  136  10:51  Overlord x4  
  136  10:56  Drone x2  
  139  10:57  Drone x5  
  143  11:16  Zerg Ground Armor Level 1, Extractor  
  143  11:17  Chitinous Plating  
  142  11:19  Ultralisk x2  
  142  11:20  Ultralisk x4  
  142  11:21  Extractor  
  177  11:31  Pneumatized Carapace  
  177  11:33  Overseer x2  
  177  11:38  Queen  
  166  12:15  Roach x2  
  170  12:16  Roach x11  
  192  12:33  Zerg Missile Weapons Level 3  
  192  12:35  Spire  
  182  12:52  Zergling x2  
  182  12:53  Zergling x22  
  118  13:22  Roach  
  118  13:23  Ultralisk x2, Roach x5  
  118  13:24  Ultralisk x5  
  157  13:41  Hydralisk x2  
  157  13:42  Hydralisk x3  
  166  13:51  Roach x3  
  166  13:53  Greater Spire  
  127  14:39  Corruptor  
  127  14:40  Corruptor x10  
  149  15:03  Spine Crawler  
  149  15:04  Spine Crawler x2, Roach x12  
  170  15:18  Brood Lord x2  
  174  15:28  Hatchery  
  174  15:33  Zerg Melee Weapons Level 2  
  169  15:44  Spore Crawler  
  169  15:46  Spore Crawler  
  155  15:53  Drone x6  
  149  16:03  Spore Crawler  
  148  16:05  Spore Crawler x2  
  148  16:07  Spore Crawler x3  
  143  16:14  Roach  
  143  16:15  Roach x12  
  162  16:34  Spore Crawler  
  162  16:36  Spore Crawler  
  143  16:42  Drone x2  
  143  16:43  Drone x12, Roach x6  
  143  16:44  Drone x3  
  143  16:45  Drone x2, Roach x4  
  143  16:46  Drone  
  154  16:55  Drone x8  
  154  16:57  Extractor  
  154  16:59  Extractor  
  154  17:00  Spine Crawler  
  155  17:02  Spine Crawler  
  132  17:25  Drone x3  
  132  17:26  Drone x2  
  132  17:27  Drone  
  138  17:40  Ultralisk x2  
  147  17:58  Hydralisk x4  
  149  18:02  Spine Crawler  
  149  18:03  Spine Crawler x2  
  149  18:04  Spore Crawler  
  149  18:05  Drone x2  
  152  18:07  Spore Crawler  
  122  18:44  Hydralisk x8  
  122  18:45  Hydralisk x4  
  121  19:01  Spore Crawler  
  118  19:03  Spore Crawler  
  117  19:12  Hydralisk x2  
  117  19:13  Hydralisk x4  
  129  19:35  Zerg Ground Armor Level 2  
  129  19:36  Zerg Melee Weapons Level 3  
  129  19:39  Muscular Augments  
  115  20:01  Drone x3  
  115  20:02  Drone x2  
  115  20:03  Drone x3  
  115  20:04  Drone x5  
  125  20:26  Drone x3  
  125  20:27  Drone x2  
  130  20:57  Roach  
  130  20:58  Roach x6  
  142  21:18  Corruptor  
  142  21:19  Corruptor  
  146  21:29  Corruptor  
  74  22:02  Roach  
  74  22:03  Roach x8  
Tags
 
Add a new tag
Caveats
  • Supply blocks, unpowered buildings, or Contaminate may cause inaccurate times.
  • Supply counts are checked every 10 seconds.